 Dungeon Crawl Stone Soup version 0.24-a0-524-gf43b32f898 (webtiles) character file.

Game seed: 16677179835401980062

33 Destapler the Firebug (level 3, -3/28 HPs)
             Began as a Draconian Fire Elementalist on July 31, 2019.
             Slain by Sigmund
             ... wielding a +0 scythe
              (12 damage)
             ... on level 2 of the Dungeon.
             The game lasted 00:10:59 (1215 turns).

Destapler the Firebug (Draconian Fire Elementalist) Turns: 1215, Time: 00:10:59

Health: -3/28      AC:  5    Str: 10    XL:     3   Next: 12%
Magic:  6/6        EV: 12    Int: 15    God:
Gold:   23         SH:  0    Dex: 12    Spells: 5/6 levels left

rFire    . . .     SeeInvis .   d - +0 dagger
rCold    . . .     Gourm    .   (no shield)
rNeg     . . .     Faith    .   (armour unavailable)
rPois    .         Spirit   .   (helmet restricted)
rElec    .         Reflect  .   (no cloak)
rCorr    .         Harm     .   (no gloves)
MR       .....                  (no boots)
Stlth    ++........             (no amulet)
HPRegen  0.09/turn              (no ring)
MPRegen  0.10/turn              (no ring)

@: no status effects
A: unfitting armour, cold-blooded, AC +5
a: no special abilities


You were on level 2 of the Dungeon.
You were not hungry.

You visited 1 branch of the dungeon, and saw 2 of its levels.

You collected 23 gold pieces.

Inventory:

Hand Weapons
 d - a +0 dagger (weapon)
Missiles
 e - 35 stones (quivered)
 q - 22 arrows
Scrolls
 g - a scroll of magic mapping {unknown}
 h - 2 scrolls of remove curse {unknown}
 i - 2 scrolls of immolation {unknown}
 l - 2 scrolls of enchant weapon {unknown}
 n - a scroll of random uselessness {unknown}
 s - 2 scrolls of fog {unknown}
Potions
 c - a potion of flight {unknown}
 f - a potion of curing
 j - a potion of resistance {unknown}
 k - a potion of heal wounds {unknown}
 m - a potion of agility {unknown}
 p - a potion of degeneration {unknown}
 r - a potion of might {unknown}
Comestibles
 b - 2 rations
 o - a chunk of flesh


   Skills:
 * Level 1.6 Fighting
 + Level 2.1 Dodging
 + Level 2.1 Stealth
 - Level 2.0 Spellcasting
 + Level 1.3 Conjurations
 + Level 3.2 Fire Magic


You had 5 spell levels left.
You knew the following spells:

 Your Spells              Type           Power        Failure   Level  Hunger
a - Flame Tongue          Conj/Fire      #....        9%          1    #......

Your spell library contained the following spells:

 Spells                   Type           Power        Failure   Level  Hunger
 Throw Flame              Conj/Fire      #.....       13%         2    ###....
 Conjure Flame            Conj/Fire      #.......     26%         3    ###....
 Inner Flame              Hex/Fire       #.......     34%         3    ###....
 Sticky Flame             Conj/Fire      #.......     65%         4    #####..
 Fireball                 Conj/Fire      #.........   94%         5    ######.


Dungeon Overview and Level Annotations

Branches:
Dungeon (2/15)

Altars:
Makhleb
Vehumet

Annotations:
D:2 Sigmund


Innate Abilities, Weirdness & Mutations

Your plain brown scales are hard. (AC +5)
You cannot fit into any form of body armour.
You are cold-blooded and may be slowed by cold attacks.


Message History

Some of the chunks of flesh in your inventory have rotted away.
It was a potion of ambrosia.
You are confused.
You feel invigorated.
You bump into the rock wall.
You bump into the rock wall.
You bump into the rock wall.
Sigmund gestures wildly while chanting.
Sigmund flickers and vanishes!
Something hits you but does no damage. Something hits you!
You bump into the rock wall.
You feel less invigorated.
You feel less confused.
You miss something. Something hits you.
You closely miss something.
You hear some strange, mumbled words.
A puff of flame appears from out of thin air!
The puff of flame hits you.
You barely miss something. Something hits you!
You die...

### #.# ##..#######.#
.......@....#
#.#.#######'## ### .#
#.... ####.###.#
#.... #...@....#.#
#.... #...{#.....#
#....
#....#.##########....
####.#.#.............
###.#.#.########....
#...#.#.............
#...#.#....####.....
#
#...#.#....####.....
#.
#...#...............


There were no monsters in sight!

Vanquished Creatures
  2 worms (D:2)
  A dart slug (D:1)
  A giant cockroach (D:1)
  2 goblins
  2 hobgoblins (D:1)
  4 kobolds (D:1)
  5 bats
  3 frilled lizards
  5 rats (D:1)
25 creatures vanquished.

Notes
Turn   | Place    | Note
-------+----------+-------------------------------------------
     0 | D:1      | Destapler the Draconian Fire Elementalist began the quest
                  | for the Orb.
     0 | D:1      | Reached XP level 1. HP: 14/14 MP: 3/3
   117 | D:1      | Reached skill level 1 in Fighting
   117 | D:1      | Reached XP level 2. HP: 21/23 MP: 0/5
   867 | D:2      | Found a radiant altar of Vehumet.
   944 | D:2      | Found a burning altar of Makhleb.
  1110 | D:2      | Reached XP level 3. HP: 28/28 MP: 6/6
  1146 | D:2      | Noticed Sigmund
  1187 | D:2      | HP: 1/28 [something/magic dart (3)]
  1215 | D:2      | Slain by Sigmund

Levels and vault maps discovered:
D:1:      dpeg_arrival_erosion, layout_rooms
D:2:      layout_basic, fiery_altar_vehumet, bloody_makhleb, uniq_sigmund

Skill      XL: |  1  2 |
---------------+-------+-----
Fighting       | 1 |  1.6
Stealth        | 2 |  2.1
Dodging        | 2 |  2.1
Spellcasting   | |  2.0
Conjurations   | |  1.3
Fire Magic     | |  3.2

Action                   || total
-------------------------++-------
Melee: Dagger            ||    77
       Unarmed           ||     2
       Tailslap          ||     7
Throw: Stone             ||    16
 Cast: Flame Tongue      ||    13
  Use: Potion            ||     2
 Stab: Sleeping          ||     3
  Eat: Chunk             ||     1
Armor: Skin              ||    32
Dodge: Dodged            ||    65

Table legend:
 A = Non-vault XP
 B = Vault XP
 C = Vault XP percentage of total XP
 D = Non-vault monster count
 E = Vault monster count
 F = Vault count percentage of total count
                 A         B        C        D         E       F
            +---------+---------+-------+---------+---------+-------
      Total |      48 |       0 |   0.0 |      25 |       0 |   0.0
            +---------+---------+-------+---------+---------+-------
        D:1 |      33 |       0 |   0.0 |      20 |       0 |   0.0
        D:2 |      15 |       0 |   0.0 |       5 |       0 |   0.0
            +---------+---------+-------+---------+---------+-------
